 Dungeon Crawl Stone Soup version 0.28-a0-1613-gdaab1c2f9b (webtiles) character file.

Game seed: 11683657221259922381

17819 croobank the Arsonist (level 12, -7/108 HPs)
             Began as a Green Draconian Fire Elementalist on Jan 21, 2022.
             Was a Priest of Hepliaklqana.
             Mangled by a seven-headed hydra (12 damage)
             ... on level 11 of the Dungeon on Jan 22, 2022.
             The game lasted 01:43:34 (17946 turns).

croobank the Arsonist (DrFE)                       Turns: 17946, Time: 01:43:35

Health: -7/108     AC: 30    Str: 13    XL:     12   Next: 22%
Magic:  22/24      EV:  2    Int: 18    God:    Hepliaklqana [***...]
Gold:   784        SH:  0    Dex: 12    Spells: 15/28 levels left

rFire   + . .      SeeInvis .   K - +2 broad axe (flame)
rCold   . . .      Faith    .   (no shield)
rNeg    . . .      Spirit   .   (armour unavailable)
rPois   +          Reflect  .   (helmet currently unavailable)
rElec   .          Harm     .   (cloak currently unavailable)
rCorr   .          Rampage  .   (gloves currently unavailable)
Will    .....      NoTele   +   (boots currently unavailable)
Stlth   ++++......              C - amulet of the acrobat
HPRegen 0.28/turn               n - ring of protection from fire
MPRegen 0.19/turn               H - +4 ring of protection

@: tree-form, wereblooded
A: stationary, stasis, torment immunity, boosted hp, reduced essence, (breathe
noxious fumes), AC +8, unfitting armour, (poison resistance), (cold-blooded)
a: Renounce Religion, Recall Ancestor, Ancestor Identity, Transference


You were on level 11 of the Dungeon.
You worshipped Hepliaklqana.
Hepliaklqana was most pleased with you.
You were a tree.
You visited 3 branches of the dungeon, and saw 13 of its levels.

You collected 784 gold pieces.

Inventory:

Hand Weapons
 a - a +3 vorpal mace
 b - a +0 hunting sling
 c - a +0 shortbow
 j - a +0 short sword
 o - a +0 war axe
 E - a +2 long sword
 G - a +3 spear
 K - a +2 broad axe of flaming (weapon)
 L - a +1 whip of flaming
 M - a +1 halberd of freezing
Missiles
 e - 141 sling bullets
 f - 447 stones
 h - 236 arrows
 t - 9 poisoned darts
 w - 36 bolts
 x - 2 throwing nets
 I - 5 javelins
Armour
 m - a +2 pair of gloves (melded)
 J - a +2 pair of boots (melded)
Magical Staves
 y - a staff of death
Jewellery
 k - a ring of resist corrosion
 n - a ring of protection from fire (left branch)
 A - a +6 ring of dexterity
 C - an amulet of the acrobat (around neck)
 H - a +4 ring of protection (right branch)
Wands
 p - a wand of paralysis (2)
 v - a wand of flame (20)
 B - a wand of digging (3)
Scrolls
 d - a scroll of teleportation
 i - 3 scrolls of noise
 r - 2 scrolls of amnesia
 D - a scroll of immolation
 O - 2 scrolls of magic mapping
 Q - a scroll of holy word
 R - a scroll of enchant armour
Potions
 l - 6 potions of curing
 s - a potion of attraction
 u - 3 potions of mutation
 F - 2 potions of ambrosia
Miscellaneous
 P - a condenser vane (inert)


   Skills:
 + Level 8.6 Dodging
 + Level 9.4 Stealth
 + Level 8.6 Spellcasting
 + Level 9.2 Conjurations
 + Level 9.7 Fire Magic


You had 15 spell levels left.
You knew the following spells:

 Your Spells              Type           Power      Damage    Failure   Level
a - Foxfire               Conj/Fire      100%       2x1d9     1%          1
b - Scorch                Fire           84%        2d9       1%          2
c - Beastly Appendage     Tmut           14%        N/A       10%         1
d - Wereblood             Tmut           7%         N/A       14%         2
e - Flame Wave            Conj/Fire      41%        2d9       1%          4
f - Conjure Flame         Conj/Fire      41%        6-21      1%          3

Your spell library contained the following spells:

 Spells                   Type           Power      Damage    Failure   Level
 Searing Ray              Conj           82%        2d7       1%          2
 Sticky Flame             Conj/Fire      41%        2d6       1%          4
 Inner Flame              Hex/Fire       25%        N/A       3%          3
 Ignite Poison            Fire/Tmut/Pois 19%        N/A       8%          3
 Ensorcelled Hibernation  Hex/Ice        14%        N/A       14%         2
 Spider Form              Tmut/Pois      7%         N/A       28%         3
 Tukima's Dance           Hex            7%         N/A       28%         3
 Airstrike                Air            3%         N/A       67%         4
 Storm Form               Tmut/Air       3%         N/A       100%        7
 Lehudib's Crystal Spear  Conj/Erth      12%        10d4      100%        8


Dungeon Overview and Level Annotations

Branches:
Dungeon (11/15)            Temple (1/1) D:4            Lair (1/6) D:11
    Orc (0/2) D:9

Altars:
Ashenzari
Cheibriados
Dithmenos
Elyvilon
Fedhas
Gozag
Hepliaklqana
Kikubaaqudgha
Makhleb
Nemelex Xobeh
Okawaru
Qazlal
Ru
Sif Muna
Trog
Uskayaw
Vehumet
Wu Jian
Xom
Yredelemnul
Zin
The Shining One

Shops:
D:1 [   D:8 *

Annotations:
D:11 Harold


Innate Abilities, Weirdness & Mutations

You are a tree.
Your roots penetrate the ground, keeping you stationary.
You cannot be teleported.
You are immune to unholy pain and torment.
Your maximum health is greatly increased.
Your equipment is partially melded.
Your life essence is reduced to manifest your ancestor. (-10% HP)
((You can breathe blasts of noxious fumes.))
((Your lurid green scales are hard. (AC +8)))
You cannot fit into any form of body armour.
((Your system is resistant to poisons. (rPois)))
((You are cold-blooded and may be slowed by cold attacks.))


Message History

There is a stone staircase leading up here.
Really quaff the potion of lignification?
You turn into a tree.
Your +2 pair of gloves melds into your body.
Your +2 pair of boots melds into your body.
Your roots penetrate the ground.
Casting: Beastly Appendage (safe; 10% risk of failure)
Confirm with . or Enter, or press ? or * to list all spells.
You are stuck in your current form!
You lop one of the eight-headed hydra's heads off!
The flame cauterises the wound!
You slash the seven-headed hydra! You burn the seven-headed hydra.
The seven-headed hydra is lightly wounded.
The seven-headed hydra bites you but does no damage. x2
The seven-headed hydra bites you.
* * * LOW HITPOINT WARNING * * *
The seven-headed hydra bites you but does no damage.
The seven-headed hydra bites you.
* * * LOW HITPOINT WARNING * * *
The seven-headed hydra bites you but does no damage. x7
The seven-headed hydra barely misses you.
The seven-headed hydra bites you but does no damage.
Casting: Beastly Appendage (safe; 10% risk of failure)
Confirm with . or Enter, or press ? or * to list all spells.
Your blood is infused with primal strength.
The seven-headed hydra bites you but does no damage. x4
The seven-headed hydra bites you!
* * * LOW HITPOINT WARNING * * *
The seven-headed hydra bites you but does no damage.
The seven-headed hydra bites you!
* * * LOW HITPOINT WARNING * * *
You barely miss the seven-headed hydra.
The seven-headed hydra is lightly wounded.
The seven-headed hydra bites you but does no damage. x2
The seven-headed hydra bites you.
* * * LOW HITPOINT WARNING * * *
The seven-headed hydra completely misses you.
The seven-headed hydra bites you but does no damage. x4
The seven-headed hydra bites you!
You die...

#.##.# #.#####.##
#.##.# #.........
#..#.# ######....
##.#.# #..#. #.#.#
###..#. #.#.###
#.....o
#.....#####.###..
######D###.......# #..
#....♣.# #.#####.###[#
#.####.###.# #.....#
#.####.....# ##.#.#.#
#.##....>..# #.......
#.##.#.....####....#.#
#.##.####.............
#.## #.#####....#..
#.# #.# #...#... #.#
###)# #...##.#


You could see a seven-headed hydra.

Vanquished Creatures
  Erolcha (D:11)
  6 two-headed ogres
  3 death yaks
  Pikel (D:9)
  A deep elf zephyrmancer (D:9)
  A cyclops (D:11)
  Maurice (D:8)
  A gargoyle (D:9)
  Maggie (D:9)
  A troll (D:10)
  Grinder (D:6)
  2 yaks (D:10)
  A wraith (D:7)
  2 steam dragons
  3 water moccasins
  An acid dragon (D:8)
  3 sky beasts
  2 orc warriors (D:9)
  A necrophage (D:6)
  3 centaurs
  2 ogres
  3 lemures (D:9)
  3 bullfrogs
  6 scorpions
  A water moccasin zombie (D:5)
  A water moccasin skeleton (D:5)
  12 killer bees
  8 wights
  6 howler monkeys
  4 centaur zombies
  4 orc priests
  2 hounds (D:7)
  2 jellies
  2 gnoll shamans
  2 centaur skeletons
  A knight (D:11)
  11 orc wizards
  An iguana (D:6)
  A howler monkey zombie (D:9)
  6 adders
  10 gnolls
  2 shadow imps
  A white imp (D:7)
  An ufetubus (D:5)
  2 worms (D:2)
  49 orcs
  5 bats
  3 endoplasms
  5 giant cockroaches
  7 hobgoblins
  6 quokkas
  6 ball pythons
  6 frilled lizards
  8 goblins
  12 kobolds
  5 rats
242 creatures vanquished.

Vanquished Creatures (collateral kills)
  A wizard (D:10)
  A deep elf pyromancer (D:10)
  A centaur zombie (D:9)
  A gargoyle (D:11)
  2 blink frogs (Lair:1)
  4 yaks (D:10)
  2 acid dragons (D:11)
  A hornet zombie (D:8)
  A swamp drake (D:9)
  4 orc warriors
  6 killer bees
  3 wights
  2 howler monkeys (D:9)
  4 orc wizards
  A howler monkey zombie (D:9)
  9 orcs
43 creatures vanquished.

Vanquished Creatures (others)
  A wizard (D:10)
  9 knights
  4 ancestors
  64 foxfires
  5 plants
83 creatures vanquished.

Grand Total: 368 creatures vanquished

Notes
Turn   | Place    | Note
-------+----------+-------------------------------------------
     0 | D:1      | croobank the Draconian Fire Elementalist began the quest
                  | for the Orb.
     0 | D:1      | Reached XP level 1. HP: 14/14 MP: 3/3
   164 | D:1      | Reached XP level 2. HP: 20/20 MP: 1/5
   167 | D:1      | Learned a level 2 spell: Scorch
   519 | D:1      | Found a faded altar of an unknown god.
   778 | D:1      | Found Tiddou's Antique Armour Boutique.
   931 | D:2      | Reached XP level 3. HP: 23/26 MP: 1/6
  1625 | D:2      | Reached XP level 4. HP: 24/33 MP: 2/7
  2653 | D:4      | Noticed an ogre
  2738 | D:4      | Reached XP level 5. HP: 38/38 MP: 4/9
  3076 | D:4      | Learned a level 1 spell: Beastly Appendage
  3104 | D:4      | Reached XP level 6. HP: 28/45 MP: 6/10
  3398 | D:3      | Learned a level 2 spell: Wereblood
  3764 | D:4      | Learned a level 4 spell: Flame Wave
  4016 | D:5      | Entered Level 5 of the Dungeon
  4462 | D:4      | Found a staircase to the Ecumenical Temple.
  4472 | Temple   | Entered the Ecumenical Temple
  4997 | D:5      | Your scales start taking on a lurid green colour.
  4997 | D:5      | Reached XP level 7. HP: 42/50 MP: 3/12
  4997 | D:5      | Gained mutation: Your system is resistant to poisons.
                  | (rPois) [Green Draconian growth]
  5466 | D:5      | Found a glowing golden altar of the Shining One.
  5626 | D:5      | Reached skill level 5 in Fire Magic
  5634 | D:5      | Reached XP level 8. HP: 45/57 MP: 1/14
  6151 | D:5      | Found a snail-covered altar of Cheibriados.
  6151 | D:5      | Found a hazy altar of Hepliaklqana.
  6154 | D:5      | Found an iron altar of Okawaru.
  6296 | D:6      | Noticed Grinder
  6304 | D:6      | Killed Grinder
  6305 | D:6      | Reached skill level 5 in Stealth
  6409 | D:6      | Reached skill level 5 in Conjurations
  6491 | D:6      | Learned a level 3 spell: Conjure Flame
  6645 | D:6      | Reached skill level 5 in Dodging
  6645 | D:6      | Reached skill level 5 in Spellcasting
  6866 | D:6      | Reached XP level 9. HP: 62/62 MP: 5/16
  7465 | D:5      | Became a worshipper of Hepliaklqana the Forgotten
  7958 | D:7      | Found a sparkling altar of Nemelex Xobeh.
  7960 | D:7      | Found an opulent altar of Gozag.
  8349 | D:7      | Noticed a two-headed ogre
  8633 | D:8      | HP: 1/62 [acid dragon/splash of acid (26)]
  8934 | D:8      | Found a shimmering altar of Xom.
  8957 | D:7      | Killed a two-headed ogre
  9169 | D:7      | Reached * piety under Hepliaklqana
  9400 | D:8      | Found a glowing silver altar of Zin.
  9491 | D:8      | Noticed Maurice
  9727 | D:8      | Reached XP level 10. HP: 62/62 MP: 11/19
  9743 | D:8      | Killed Maurice
  9806 | D:8      | Found a hide-covered altar of Uskayaw.
 10144 | D:8      | Found a broken altar of Ashenzari.
 10162 | D:8      | Found a radiant altar of Vehumet.
 10219 | D:8      | Found a basalt altar of Yredelemnul.
 10713 | D:8      | Found Soteal's General Store.
 10869 | D:9      | Noticed a gargoyle
 11078 | D:9      | Noticed Maggie
 11107 | D:9      | Killed Maggie
 11325 | D:9      | Noticed Pikel
 11348 | D:9      | Killed Pikel
 11665 | D:9      | Reached ** piety under Hepliaklqana
 11722 | D:9      | Killed a gargoyle
 11878 | D:9      | Found a blossoming altar of Fedhas.
 11879 | D:9      | Remembered your ancestor Samuel Francis as a knight
 12766 | D:9      | Found a staircase to the Orcish Mines.
 12953 | D:10     | Entered Level 10 of the Dungeon
 12956 | D:10     | Noticed a wizard
 12970 | D:10     | Reached XP level 11. HP: 24/66 MP: 19/21
 13184 | D:10     | Noticed a deep elf pyromancer
 13683 | D:10     | Noticed a deep elf zephyrmancer
 13684 | D:10     | Noticed a wizard
 13693 | D:9      | Killed a deep elf zephyrmancer
 13804 | D:10     | Noticed a two-headed ogre
 13814 | D:10     | Killed a two-headed ogre
 13835 | D:10     | Killed a wizard
 13964 | D:10     | Got Asmodeus's Compendium of Dhcmrlchtdj
 13974 | D:10     | Got the Handbook of Combed Thunderclap
 13981 | D:10     | Got Ts'ui Pên's Papyrus of Forking Paths
 14016 | D:10     | Killed a deep elf pyromancer
 14174 | D:10     | Killed a wizard
 14285 | D:10     | Reached *** piety under Hepliaklqana
 14288 | D:10     | Noticed a two-headed ogre
 14819 | D:10     | Killed a two-headed ogre
 15133 | D:11     | Noticed a death yak
 15137 | D:11     | Noticed a death yak
 15137 | D:11     | Noticed a death yak
 15162 | D:11     | Noticed Erolcha
 15170 | D:11     | Killed Erolcha
 15444 | D:11     | Found a staircase to the Lair.
 15786 | D:11     | Noticed a two-headed ogre
 16187 | D:11     | Noticed a two-headed ogre
 16194 | D:11     | Killed a two-headed ogre
 16400 | D:10     | Killed a death yak
 17035 | D:11     | Noticed a two-headed ogre
 17037 | D:11     | Noticed a two-headed ogre
 17042 | D:11     | Noticed Harold
 17045 | D:11     | Killed a two-headed ogre
 17046 | D:11     | Reached XP level 12. HP: 33/72 MP: 24/24
 17048 | D:11     | Noticed an eight-headed hydra
 17053 | D:11     | Killed a two-headed ogre
 17302 | D:11     | Killed a death yak
 17319 | D:11     | Killed a death yak
 17511 | Lair:1   | Entered Level 1 of the Lair of Beasts
 17543 | Lair:1   | HP: 1/72 [blink frog (10)]
 17946 | D:11     | HP: 5/108 [seven-headed hydra (5)]
 17946 | D:11     | Mangled by a seven-headed hydra

Illustrated notes

Levels and vault maps discovered:
D:1:      minmay_arrival_five_plusses, layout_rooms, serial_shops,
          nicolae_shop_stone, ebering_ecumenical_altar_mist
D:2:      layout_basic
D:3:      layout_rooms
D:4:      layout_loops_cross, minmay_temple_entry_poolview,
          minmay_a_box_with_orc_wizards_in_it
D:5:      layout_gridville, tso_oasis_becter, nicolae_overflow_hidden_temple
D:6:      layout_loops_ring, corexii_item_surrounded_by_moat, uniq_grinder
D:7:      layout_basic, grunt_temple_overflow_opulence
D:8:      layout_basic, lemuel_doored_altar, old_standard_altar,
          mainiacjoe_overflow_small_starburst, mainiacjoe_overflow_swirl,
          mainiacjoe_overflow_cross_hatched, serial_shops,
          kennysheep_little_box, special_room [special_room_orc],
          minmay_misc_feat_plants, nicolae_zen_rock_garden, uniq_maurice
D:9:      layout_cave_pools, fedhas_altar_1, erik_orc_1,
          kennysheep_opposing_triangles, uniq_maggie, uniq_pikel
D:10:     layout_layer_cave, bh_hangedman_babel_library
D:11:     layout_loops_ring, dpeg_lair_monsters, amcnicky_mini_pool_medium,
          uniq_harold, uniq_erolcha
Temple:   compressed_dpeg_triangle_lava_temple
Lair:1:   layout_regular_city

Skill      XL: |  1  2  3  4  5  6  7  8  9 10 11 12 |
---------------+-------------------------------------+-----
Stealth        | 2 3 4 5 6 7 9 |  9.4
Dodging        | 2 3 4 5 6 7 8 |  8.6
Conjurations   | 2 3 4 5 6 7 8 9 |  9.2
Spellcasting   | 3 4 5 6 7 8 |  8.6
Fire Magic     | 4 5 6 7 8 9 |  9.7

Action                   |  1- 3 |  4- 6 |  7- 9 | 10-12 || total
-------------------------+-------+-------+-------+-------++-------
Melee: Unarmed           |    30 |       |       |       ||    30
       Tailslap          |     9 |     9 |    19 |    57 ||    94
       Punch             |     1 |       |     1 |    13 ||    15
       Short sword       |    41 |    61 |       |       ||   102
       Headbutt          |       |     6 |    12 |    38 ||    56
       Kick              |       |     4 |     7 |    76 ||    87
       Mace              |       |     4 |   133 |    80 ||   217
       Broad axe         |       |       |       |   230 ||   230
 Fire: Hunting sling     |       |     9 |    18 |       ||    27
 Cast: Foxfire           |    28 |    17 |     1 |       ||    46
       Scorch            |    21 |    30 |    84 |    19 ||   154
       Beastly Appendage |       |     9 |    10 |    60 ||    79
       Flame Wave        |       |     1 |     8 |    18 ||    27
       Wereblood         |       |     1 |     1 |     2 ||     4
       Conjure Flame     |       |       |     7 |     1 ||     8
Invok: Ancestor Identity |       |       |     2 |       ||     2
       Ancestor Life: Kn |       |       |       |     1 ||     1
 Abil: Breathe Noxious F |       |       |    16 |    20 ||    36
Evoke: Wand              |       |       |     4 |     1 ||     5
       Condenser vane    |       |       |       |     1 ||     1
  Use: Scroll            |       |       |    16 |    13 ||    29
       Potion            |       |       |     6 |     6 ||    12
 Stab: Sleeping          |       |       |     3 |     2 ||     5
       Confused          |       |       |     1 |    10 ||    11
       Paralysed         |       |       |       |     3 ||     3
       Distracted        |       |       |       |     1 ||     1
Armor: Skin              |    27 |    49 |    91 |   212 ||   379
Dodge: Dodged            |    40 |    44 |   174 |   447 ||   705

Table legend: (Time is in decaauts)
 A = Elapsed time spent in this place.
 B = Non-inter-level travel time spent in this place.
 C = Inter-level travel time spent in this place.
 D = Time resting spent in this place.
 E = Time spent auto-exploring this place.
 F = Levels seen in this place.
 G = Mean time per level.
                   A        B        C        D        E       F      G
               +--------+--------+--------+--------+--------+-----+--------+
         Total |  18147 |  17847 |    300 |   4737 |   9207 |  13 | 1395.9 |
       Dungeon |  17738 |  17458 |    280 |   4737 |   8883 |  11 | 1612.5 |
        Temple |    356 |    336 |     20 |      0 |    310 |   1 |  356.0 |
          Lair |     51 |     51 |      0 |      0 |     14 |   1 |   51.0 |
               +--------+--------+--------+--------+--------+-----+--------+

Top non-repeatable levels by time:
    D:10: 2830 daAuts
     D:9: 2392 daAuts
     D:8: 2019 daAuts
    D:11: 1830 daAuts
     D:5: 1571 daAuts
     D:4: 1547 daAuts
     D:7: 1523 daAuts
     D:2: 1312 daAuts
     D:6: 1162 daAuts
     D:1: 877 daAuts
     D:3: 671 daAuts
  Temple: 356 daAuts
  Lair:1: 51 daAuts
